| TOP OF THE 1ST |
|
Portland Sea Dogs batting - Pitching for Arkansas Travelers : RHP John Palumbo
|
|
Pitching: RHP John Palumbo
|
|
|
Batting: RHB Larry Brocato
|
0-0: Ball 1-0: Ball 2-0: Called Strike 2-1: Foul Ball, location: 2F 2-2: Foul Ball, location: 2F 2-2: Strikes out swinging
|
|
Batting: RHB Joe Sandoval
|
0-0: Ball 1-0: Ball 2-0: Fly out, F8 (Flyball, 8RD, EV 96.9 MPH)
|
|
Batting: LHB David Moore
|
0-0: Ball 1-0: Foul Ball, location: 2F 1-1: Foul Ball, location: 2F 1-2: Strikes out looking
|
| Top of the 1st over - 0 runs, 0 hits, 0 errors, 0 left on base; Portland 0 - Arkansas 0 |
| BOTTOM OF THE 1ST |
|
Arkansas Travelers batting - Pitching for Portland Sea Dogs : LHP Nick Barnes
|
|
Pitching: LHP Nick Barnes
|
|
|
Batting: RHB Jose Ramirez
|
0-0: Ball 1-0: Called Strike 1-1: Foul Ball, location: 2F 1-2: Strikes out swinging
|
|
Batting: LHB Griffin Ferris
|
0-0: Foul Ball, location: 2F 0-1: Ground out 1-3 (Groundball, 25, EV 64.4 MPH)
|
|
Batting: RHB Juan Montez
|
0-0: Ball 1-0: Ball 2-0: Swinging Strike 2-1: Ground out 5-3 (Groundball, 5, EV 93.1 MPH)
|
| Bottom of the 1st over - 0 runs, 0 hits, 0 errors, 0 left on base; Portland 0 - Arkansas 0 |
| TOP OF THE 2ND |
|
Portland Sea Dogs batting - Pitching for Arkansas Travelers : RHP John Palumbo
|
|
Batting: RHB Dave Burwell
|
0-0: Called Strike 0-1: Ball 1-1: Ball 2-1: Ball 3-1: Foul Ball, location: 2F 3-2: Strikes out swinging
|
|
Batting: LHB Dave Reyes
|
0-0: Called Strike 0-1: Ball 1-1: Swinging Strike 1-2: Strikes out swinging
|
|
Batting: RHB Travis Campbell
|
0-0: Swinging Strike 0-1: Foul Ball, location: 2F 0-2: Strikes out swinging
|
| Top of the 2nd over - 0 runs, 0 hits, 0 errors, 0 left on base; Portland 0 - Arkansas 0 |
| BOTTOM OF THE 2ND |
|
Arkansas Travelers batting - Pitching for Portland Sea Dogs : LHP Nick Barnes
|
|
Batting: LHB Mark Reeg
|
0-0: Ball 1-0: Ball 2-0: Called Strike 2-1: Swinging Strike 2-2: Strikes out looking
|
|
Batting: RHB Ryuji Ito
|
0-0: Ball 1-0: Ball 2-0: Foul Ball, location: 2F 2-1: Ground out 5-3 (Groundball, 56, EV 85.6 MPH)
|
|
Batting: LHB Justin Balthazor
|
0-0: Swinging Strike 0-1: Ball 1-1: Ball 2-1: Ball 3-1: Base on Balls
|
|
Batting: RHB Danny Bjarnson
|
0-0: Ball 1-0: Ball 2-0: Ball 3-0: Called Strike 3-1: Base on Balls Justin Balthazor to second
|
|
Batting: LHB Barrfhionn O'Toole
|
0-0: Swinging Strike 0-1: Fly out, F9 (Flyball, 9, EV 83.8 MPH)
|
| Bottom of the 2nd over - 0 runs, 0 hits, 0 errors, 2 left on base; Portland 0 - Arkansas 0 |
| TOP OF THE 3RD |
|
Portland Sea Dogs batting - Pitching for Arkansas Travelers : RHP John Palumbo
|
|
Batting: RHB Miguel Villanueva
|
0-0: Ball 1-0: Ground out 3-1 (Groundball, 34, EV 79.4 MPH)
|
|
Batting: RHB Frank Sokolosky
|
0-0: Called Strike 0-1: SINGLE (Groundball, 4MD, EV 96.2 MPH)
|
|
Batting: RHB Josh Helman
|
0-0: Called Strike 0-1: Ball 1-1: Ball 2-1: Called Strike 2-2: Ball 3-2: SINGLE (Line Drive, 4M, EV 104.4 MPH) Frank Sokolosky to second
|
|
Batting: RHB Larry Brocato
|
0-0: Ball 1-0: Swinging Strike 1-1: Foul Ball, location: 2F 1-2: Ball 2-2: Strikes out looking
|
|
Batting: RHB Joe Sandoval
|
0-0: Called Strike 0-1: Fly out, F6 (Flyball, 56D, EV 93.1 MPH)
|
| Top of the 3rd over - 0 runs, 2 hits, 0 errors, 2 left on base; Portland 0 - Arkansas 0 |
| BOTTOM OF THE 3RD |
|
Arkansas Travelers batting - Pitching for Portland Sea Dogs : LHP Nick Barnes
|
|
Batting: LHB Larry Prey
|
0-0: Foul Ball, location: 2F 0-1: Called Strike 0-2: Ball 1-2: Ground out 5-3 (Groundball, 5, EV 81.2 MPH)
|
|
Batting: RHB Jose Ramirez
|
0-0: Called Strike 0-1: Swinging Strike 0-2: Fly out, F9 (Flyball, 9, EV 94.4 MPH)
|
|
Batting: LHB Griffin Ferris
|
0-0: Ball 1-0: Ball 2-0: SINGLE (Groundball, 34D, EV 100.6 MPH)
|
|
Batting: RHB Juan Montez
|
0-0: Called Strike 0-1: Swinging Strike 0-2: Ball 1-2: Ball 2-2: Strikes out swinging
|
| Bottom of the 3rd over - 0 runs, 1 hit, 0 errors, 1 left on base; Portland 0 - Arkansas 0 |
| TOP OF THE 4TH |
|
Portland Sea Dogs batting - Pitching for Arkansas Travelers : RHP John Palumbo
|
|
Batting: LHB David Moore
|
0-0: Fly out, F8 (Flyball, 8LS, EV 83.1 MPH)
|
|
Batting: RHB Dave Burwell
|
0-0: SINGLE (Line Drive, 9S, EV 93.8 MPH)
|
|
Batting: LHB Dave Reyes
|
0-0: Ball 1-0: Called Strike 1-1: Ball 2-1: Fielders Choice at 2nd, 4-6 (Groundball, 4, EV 84.4 MPH)
|
|
Batting: RHB Travis Campbell
|
0-0: Foul Ball, location: 2F 0-1: Ball 1-1: Fielders Choice at 2nd, 6-4 (Groundball, 6, EV 94.4 MPH)
|
| Top of the 4th over - 0 runs, 1 hit, 0 errors, 1 left on base; Portland 0 - Arkansas 0 |
| BOTTOM OF THE 4TH |
|
Arkansas Travelers batting - Pitching for Portland Sea Dogs : LHP Nick Barnes
|
|
Batting: LHB Mark Reeg
|
0-0: Ball 1-0: Foul Ball, location: 2F 1-1: Ball 2-1: Fly out, F9 (Flyball, 89M, EV 86.9 MPH)
|
|
Batting: RHB Ryuji Ito
|
0-0: Called Strike 0-1: Fly out, F7 (Line Drive, 7, EV 85.0 MPH)
|
|
Batting: LHB Justin Balthazor
|
0-0: Called Strike 0-1: Foul Ball, location: 2F 0-2: SINGLE (Flyball, 9LS, EV 89.4 MPH)
|
|
Batting: RHB Danny Bjarnson
|
0-0: Foul Ball, location: 2F 0-1: Ball 1-1: Called Strike 1-2: Foul Ball, location: 2F 1-2: Ground out U3 (Groundball, 34S, EV 78.8 MPH)
|
| Bottom of the 4th over - 0 runs, 1 hit, 0 errors, 1 left on base; Portland 0 - Arkansas 0 |
| TOP OF THE 5TH |
|
Portland Sea Dogs batting - Pitching for Arkansas Travelers : RHP John Palumbo
|
|
Batting: RHB Miguel Villanueva
|
0-0: Ball 1-0: Ball 2-0: Foul Ball, location: 2F 2-1: Foul Ball, location: 2F 2-2: Ball 3-2: Base on Balls
|
|
Batting: RHB Frank Sokolosky
|
0-0: Ball 1-0: Fielders Choice at 2nd, 6-4 (Groundball, 6, EV 90.0 MPH)
|
|
Batting: RHB Josh Helman
|
0-0: Called Strike Frank Sokolosky is caught stealing 2nd base 2-4 0-1: Swinging Strike 0-2: Ball 1-2: Strikes out swinging
|
| Top of the 5th over - 0 runs, 0 hits, 0 errors, 0 left on base; Portland 0 - Arkansas 0 |
| BOTTOM OF THE 5TH |
|
Arkansas Travelers batting - Pitching for Portland Sea Dogs : LHP Nick Barnes
|
|
Batting: LHB Barrfhionn O'Toole
|
0-0: Ball 1-0: Called Strike 1-1: Called Strike 1-2: Ball 2-2: Ground out 4-3 (Groundball, 4, EV 81.9 MPH)
|
|
Batting: LHB Larry Prey
|
0-0: Foul Ball, location: 2F 0-1: Foul Ball, location: 2F 0-2: Foul Ball, location: 2F 0-2: Foul Ball, location: 2F 0-2: Ball 1-2: Ball 2-2: Ball 3-2: SINGLE (Groundball, 34D, EV 105.6 MPH) (infield hit)
|
|
Batting: RHB Jose Ramirez
|
0-0: Called Strike 0-1: Grounds into double play, 6-4-3 (Groundball, 6, EV 85.0 MPH)
|
| Bottom of the 5th over - 0 runs, 1 hit, 0 errors, 0 left on base; Portland 0 - Arkansas 0 |
| TOP OF THE 6TH |
|
Portland Sea Dogs batting - Pitching for Arkansas Travelers : RHP John Palumbo
|
|
Batting: RHB Larry Brocato
|
0-0: Ball 1-0: SINGLE (Flyball, 8LS, EV 95.0 MPH)
|
|
Batting: RHB Joe Sandoval
|
0-0: Ball 1-0: Called Strike 1-1: Ball 2-1: Ball 3-1: Base on Balls Larry Brocato to second
|
|
Batting: LHB David Moore
|
0-0: Ball 1-0: Ball 2-0: Ball 3-0: Called Strike 3-1: Called Strike 3-2: Foul Ball, location: 2F 3-2: Base on Balls Larry Brocato to third Joe Sandoval to second
|
|
Batting: RHB Dave Burwell
|
0-0: SINGLE (Groundball, 56D, EV 102.5 MPH) Larry Brocato scores Joe Sandoval to third David Moore to second
|
|
Batting: LHB Dave Reyes
|
0-0: Grounds into fielders choice 6-2 (Groundball, 56, EV 83.1 MPH) David Moore to third Dave Burwell to second
|
|
Batting: RHB Travis Campbell
|
0-0: Called Strike 0-1: Foul Ball, location: 2F 0-2: Foul Ball, location: 2F 0-2: Strikes out swinging
|
|
Batting: RHB Miguel Villanueva
|
0-0: Foul Ball, location: 2F 0-1: Foul Ball, location: 2F 0-2: Ball 1-2: Strikes out swinging
|
| Top of the 6th over - 1 run, 2 hits, 0 errors, 3 left on base; Portland 1 - Arkansas 0 |
| BOTTOM OF THE 6TH |
|
Arkansas Travelers batting - Pitching for Portland Sea Dogs : LHP Nick Barnes
|
|
Pinch Hitting: RHB Kinya Nishimura
|
0-0: Called Strike 0-1: Ground out 2-3 (Groundball, 2L, EV 66.9 MPH)
|
|
Batting: RHB Juan Montez
|
0-0: Ball 1-0: Called Strike 1-1: Foul Ball, location: 2F 1-2: Foul Ball, location: 2F 1-2: Foul Ball, location: 2F 1-2: Ball 2-2: Ball 3-2: Foul Ball, location: 2F 3-2: Strikes out swinging
|
|
Batting: LHB Mark Reeg
|
0-0: Ground out 3-1 (Groundball, 34, EV 84.4 MPH)
|
| Bottom of the 6th over - 0 runs, 0 hits, 0 errors, 0 left on base; Portland 1 - Arkansas 0 |
| TOP OF THE 7TH |
|
Portland Sea Dogs batting - Pitching for Arkansas Travelers : RHP John Palumbo
|
|
Now at 3B: Kinya Nishimura
|
|
|
Now in RF: Danny Bjarnson
|
|
|
Batting: RHB Frank Sokolosky
|
0-0: Called Strike 0-1: Ball 1-1: Ball 2-1: Foul Ball, location: 2F 2-2: Ball 3-2: SINGLE (Groundball, 4S, EV 66.2 MPH) (infield hit)
|
|
Batting: RHB Josh Helman
|
0-0: Ball Frank Sokolosky steals 2nd base 1-0: Called Strike 1-1: Foul Ball, location: 2F 1-2: SINGLE (Line Drive, 6MD, EV 96.9 MPH) Frank Sokolosky to third
|
|
Batting: RHB Larry Brocato
|
0-0: Ball Josh Helman is caught stealing 2nd base 2-4 1-0: Squeeze Bunt to 2R - play home, runner scores, batter safe! Frank Sokolosky scores
|
|
Pitching: RHP Jake Bruen
|
|
|
Batting: RHB Joe Sandoval
|
0-0: Swinging Strike 0-1: Ball 1-1: Ball 2-1: Ball 3-1: Fielders Choice at 2nd, U6 (Groundball, P, EV 83.8 MPH)
|
|
Batting: LHB David Moore
|
0-0: Ball Joe Sandoval steals 2nd, throwing error, E2 Joe Sandoval to third 1-0: Ball 2-0: Ball 3-0: Called Strike 3-1: Base on Balls
|
|
Batting: RHB Dave Burwell
|
0-0: Ball 1-0: Ball 2-0: Fly out, F8 (Flyball, 8LM, EV 81.2 MPH)
|
| Top of the 7th over - 1 run, 2 hits, 1 error, 2 left on base; Portland 2 - Arkansas 0 |
| BOTTOM OF THE 7TH |
|
Arkansas Travelers batting - Pitching for Portland Sea Dogs : LHP Nick Barnes
|
|
Batting: RHB Ryuji Ito
|
0-0: Called Strike 0-1: Ball 1-1: Swinging Strike 1-2: Foul Ball, location: 2F 1-2: Strikes out swinging
|
|
Pitching: RHP Pedro Torres
|
|
|
Batting: LHB Justin Balthazor
|
0-0: Swinging Strike 0-1: Foul Ball, location: 2F 0-2: Ball 1-2: Strikes out swinging
|
|
Batting: RHB Danny Bjarnson
|
0-0: Foul Ball, location: 2F 0-1: Called Strike 0-2: Ground out 4-3 (Groundball, 4S, EV 64.4 MPH)
|
| Bottom of the 7th over - 0 runs, 0 hits, 0 errors, 0 left on base; Portland 2 - Arkansas 0 |
| TOP OF THE 8TH |
|
Portland Sea Dogs batting - Pitching for Arkansas Travelers : RHP Jake Bruen
|
|
Pitching: RHP Eddie Garabito
|
|
|
Batting: LHB Dave Reyes
|
0-0: Ball 1-0: Ball 2-0: Called Strike 2-1: Ball 3-1: Fly out, F8 (Flyball, 78M, EV 96.9 MPH)
|
|
Batting: RHB Travis Campbell
|
0-0: Ball 1-0: Ball 2-0: Foul Ball, location: 2F 2-1: Foul Ball, location: 2F 2-2: Foul Ball, location: 2F 2-2: Ball 3-2: Strikes out swinging
|
|
Batting: RHB Miguel Villanueva
|
0-0: Ball 1-0: Swinging Strike 1-1: Ground out 6-3 (Groundball, 56, EV 86.9 MPH)
|
| Top of the 8th over - 0 runs, 0 hits, 0 errors, 0 left on base; Portland 2 - Arkansas 0 |
| BOTTOM OF THE 8TH |
|
Arkansas Travelers batting - Pitching for Portland Sea Dogs : RHP Pedro Torres
|
|
Batting: LHB Barrfhionn O'Toole
|
0-0: Called Strike 0-1: Ball 1-1: Ball 2-1: Swinging Strike 2-2: Ground out 4-3 (Groundball, 4, EV 109.4 MPH)
|
|
Batting: LHB Larry Prey
|
0-0: Ball 1-0: Ground out 4-3 (Groundball, 4, EV 103.1 MPH)
|
|
Batting: RHB Jose Ramirez
|
0-0: Ball 1-0: Ground out 5-3 (Groundball, 5, EV 83.1 MPH)
|
| Bottom of the 8th over - 0 runs, 0 hits, 0 errors, 0 left on base; Portland 2 - Arkansas 0 |
| TOP OF THE 9TH |
|
Portland Sea Dogs batting - Pitching for Arkansas Travelers : RHP Eddie Garabito
|
|
Pitching: RHP Chris DePalma
|
|
|
Batting: RHB Frank Sokolosky
|
0-0: Ball 1-0: SINGLE (Groundball, 34S, EV 68.8 MPH) (infield hit)
|
|
Batting: RHB Josh Helman
|
0-0: SINGLE (Groundball, 34D, EV 95.6 MPH) Frank Sokolosky to second Runner from 2nd tries for 3rd, SAFE, throw by RF made to third
|
|
Batting: RHB Larry Brocato
|
0-0: Ball 1-0: Ball 2-0: Foul Ball, location: 2F 2-1: Ball 3-1: Base on Balls Josh Helman to second
|
|
Batting: RHB Joe Sandoval
|
0-0: Ball 1-0: Called Strike 1-1: Foul Ball, location: 2F 1-2: Ball 2-2: Foul Ball, location: 2F 2-2: DOUBLE (Groundball, 5L, EV 108.1 MPH) Frank Sokolosky scores Josh Helman scores Larry Brocato to third
|
|
Batting: LHB David Moore
|
0-0: Ball 1-0: Foul Ball, location: 2F 1-1: Fly out, F1 (Line Drive, P, EV 66.2 MPH)
|
|
Batting: RHB Dave Burwell
|
0-0: Ball 1-0: Ball 2-0: Ball 3-0: Base on Balls
|
|
Batting: LHB Dave Reyes
|
0-0: Ball 1-0: Ball 2-0: Ball 3-0: Base on Balls Larry Brocato scores Joe Sandoval to third Dave Burwell to second
|
|
Pitching: RHP Owen Prouty
|
|
|
Batting: RHB Travis Campbell
|
0-0: Foul Ball, location: 2F 0-1: Fielders Choice at 2nd, 5-4 (Groundball, 5, EV 86.2 MPH) Joe Sandoval scores Dave Burwell to third
|
|
Batting: RHB Miguel Villanueva
|
0-0: Fielders Choice at 2nd, 5-4 (Groundball, 56, EV 97.5 MPH)
|
| Top of the 9th over - 4 runs, 3 hits, 0 errors, 2 left on base; Portland 6 - Arkansas 0 |
| BOTTOM OF THE 9TH |
|
Arkansas Travelers batting - Pitching for Portland Sea Dogs : RHP Pedro Torres
|
|
Batting: RHB Kinya Nishimura
|
0-0: Ball 1-0: Swinging Strike 1-1: Ball 2-1: Fly out, F9 (Flyball, 89XD, EV 91.9 MPH)
|
|
Batting: RHB Juan Montez
|
0-0: Foul Ball, location: 2F 0-1: DOUBLE (Line Drive, 9LS, EV 95.0 MPH)
|
|
Batting: LHB Mark Reeg
|
0-0: SINGLE (Groundball, 34D, EV 104.4 MPH) (infield hit) Juan Montez to third
|
|
Batting: RHB Ryuji Ito
|
0-0: Foul Ball, location: 2F 0-1: Foul Ball, location: 2F 0-2: Foul Ball, location: 2F 0-2: Strikes out looking
|
|
Batting: LHB Justin Balthazor
|
0-0: Called Strike 0-1: Ground out 4-3 (Groundball, 4, EV 103.1 MPH)
|
| Bottom of the 9th over - 0 runs, 2 hits, 0 errors, 2 left on base; Portland 6 - Arkansas 0 |
|